 Dungeon Crawl Stone Soup version 0.30-a0-719-gcc4359ea44 (webtiles) character file.

Game seed: 905864180322077160

74 hikkokomori the Shield-Bearer (level 4, -4/25 HPs)
             Began as a Vine Stalker Fighter on Jan 27, 2023.
             Shot with an arrow by a centaur (10 damage)
             ... on level 3 of the Dungeon.
             The game lasted 00:03:30 (1730 turns).

hikkokomori the Shield-Bearer (VSFi)                Turns: 1730, Time: 00:03:31

Health: -4/25      AC:  7    Str: 21    XL:     4   Next: 30%
Magic:  0/5        EV:  9    Int:  8    God:
Gold:   108        SH:  5    Dex: 13    Spells: 3/3 levels left

rFire   . . .      SeeInvis .    f - +1 short sword (venom)
rCold   . . .      Faith    .    c - +0 buckler
rNeg    . . .      Spirit   +    b - +0 scale mail
rPois   .          Reflect  .    i - +0 hat
rElec   .          Harm     .    q - +0 cloak
rCorr   .          Rampage  .    (no gloves)
Will    .....                    (no boots) Stlth
                                 (no amulet)
HPRegen 1.04/turn                (no ring)
MPRegen 0.09/turn                (no ring)

@: no status effects
A: fangs 2, regeneration 1, magic shield, antimagic bite, no potion heal 2
a: no special abilities


You were on level 3 of the Dungeon.
You visited 1 branch of the dungeon, and saw 3 of its levels.

You collected 108 gold pieces.

Inventory:

Hand Weapons
 a - a +0 flail
 f - a +1 short sword of venom (weapon)
Armour
 b - a +0 scale mail (worn)
 c - a +0 buckler (worn)
 i - a +0 hat (worn)
 q - a +0 cloak (worn)
Scrolls
 g - a scroll of teleportation
 s - a scroll of amnesia {unknown}
Potions
 d - 2 potions of might
 e - 6 potions of curing
 h - a potion of flight
 n - a potion of haste {unknown}
 r - a potion of magic {unknown}


   Skills:
 + Level 3.6 Fighting
 - Level 1.9 Maces & Flails
 - Level 2.5 Armour
 + Level 3.6 Shields


You had 3 spell levels left.
You didn't know any spells.
Your spell library was empty.

Dungeon Overview and Level Annotations

Branches:
Dungeon (3/15)

Altars:

Shops:
D:1 *


Innate Abilities, Weirdness & Mutations

You have extremely sharp teeth.
Your natural rate of healing is unusually fast.
When hurt, damage is shared between your health and your magic reserves.
Your bite disrupts and absorbs the magic of your enemies.
Potions cannot restore your health.


Message History

You hit the adder.
The adder is poisoned.
Your bite misses the adder.
The adder is lightly wounded.
You hear the slow rusting of a drain nearby.
You block the adder's attack. The goblin misses you.
You closely miss the adder. Your bite misses the adder.
The adder is moderately wounded.
The adder bites you but does no damage.
The goblin hits you but does no damage. x2
The adder bites you. The goblin attacks as you move away!
You block the goblin's attack.
You kill the goblin!
You miss the adder.
The adder is heavily wounded.
The adder bites you but does no damage. The goblin hits you but does no damage.
You hit the adder.
The adder is almost dead.
You kill the adder!
The goblin barely misses you.
You hit the goblin.
You kill the goblin!
Things that are here:
a +0 dagger; a goblin corpse
Things that are here:
a +0 dagger; a +0 robe
d - 2 potions of might (gained 1)
The teleport trap disappears.
The centaur disappears!
Found 10 gold pieces.
Found 2 gold pieces.
Found a book of Conjurations.
A centaur comes into view.
The centaur shouts!
The centaur wields a +0 shortbow.
The centaur shoots an arrow.
The arrow hits you.
The centaur shoots an arrow.
The arrow hits you.
The centaur shoots an arrow.
The arrow hits you!
The centaur shoots an arrow.
The arrow hits you.
* * * LOW HITPOINT WARNING * * *
Okay, then.
Found 2 scrolls labelled FIARAOQAZE.
The centaur shoots an arrow.
The arrow hits you!
You die...

,* #.......:.......,,,,,,***,,,
,****#.....$......#.....,,,,,,,,,
,,,,,*#.................*,***,,,,
*,,,,.#...........$....#*,,*,,,,,
***,,..................,,,,,,,,,,
8,+..................#****,,,,,,,
*,*..................##.,,,,,,,,,
*,*.........>..........?,,***,,,,
*,*.............@.c.....,,,,,,,,,
,,#.....................,,,,,,,,,
*##..................###*,,**,,,,
............)..........#*,,,,,,,,
...........))#.......#..,,,,,,,,,
.......>.....#########*#*,,***,**
.............# **,,*,,,*,,
.............# *,,,*,,,*,,
............## **,,***,,*,,


You could see a centaur.

Vanquished Creatures
  Crazy Yiuf (D:2)
  An adder (D:3)
  4 ball pythons
  4 endoplasms (D:1)
  2 giant cockroaches (D:1)
  5 goblins
  3 hobgoblins
  2 kobolds
  3 quokkas (D:1)
  4 bats
  3 frilled lizards
  A rat (D:2)
33 creatures vanquished.

Notes
Turn   | Place    | Note
-------+----------+-------------------------------------------
     0 | D:1      | hikkokomori the Vine Stalker Fighter began the quest for
                  | the Orb.
     0 | D:1      | Reached XP level 1. HP: 11/11 MP: 2/2
    40 | D:1      | Found Heeq's Assorted Antiques.
    73 | D:1      | Reached XP level 2. HP: 8/16 MP: 0/3
   814 | D:1      | Reached XP level 3. HP: 18/20 MP: 4/4
  1608 | D:2      | Found a runed translucent door.
  1609 | D:2      | Noticed Crazy Yiuf
  1616 | D:2      | Killed Crazy Yiuf
  1617 | D:2      | Gained mutation: Your natural rate of healing is unusually
                  | fast. [Vine Stalker growth]
  1617 | D:2      | Reached XP level 4. HP: 19/24 MP: 3/5
  1725 | D:3      | Noticed a centaur
  1730 | D:3      | Shot with an arrow by a centaur

Illustrated notes

Levels and vault maps discovered:
D:1:      dpeg_arrival_renting, layout_loops_ring, serial_shops, shop,
          nicolae_figureground_sparkle
D:2:      layout_loops_ring, grunt_ministairs_14, kennysheep_generic_room_4,
          uniq_crazy_yiuf_cottage
D:3:      layout_rooms, gup_sewer_entry_glass, shapermc_ecumenical_altar_ellora,
          nicolae_titane

Skill      XL: |  1  2 |
---------------+-------+-----
Fighting       | 3 |  3.6
Shields        | 3 |  3.6
Maces & Flails | |  1.9
Armour         | |  2.5

Action                     |  1- 3 |  4- 6 || total
---------------------------+-------+-------++-------
  Melee: Short sword       |    70 |    12 ||    82
         Flail             |     6 |       ||     6
         Bite              |    15 |     3 ||    18
    Use: Scroll            |       |     7 ||     7
 Armour: Scale mail        |    26 |     9 ||    35
  Dodge: Dodged            |    27 |     4 ||    31
  Block: Buckler           |    19 |     3 ||    22

Table legend: (Time is in decaauts)
 A = Elapsed time spent in this place.
 B = Non-inter-level travel time spent in this place.
 C = Inter-level travel time spent in this place.
 D = Time resting spent in this place.
 E = Time spent auto-exploring this place.
 F = Levels seen in this place.
 G = Mean time per level.
                   A        B        C        D        E       F      G
               +--------+--------+--------+--------+--------+-----+--------+
         Total |   1734 |   1625 |    109 |     17 |   1359 |   3 |  578.0 |
       Dungeon |   1734 |   1625 |    109 |     17 |   1359 |   3 |  578.0 |
               +--------+--------+--------+--------+--------+-----+--------+

Top non-repeatable levels by time:
     D:1: 980 daAuts
     D:2: 685 daAuts
     D:3: 68 daAuts
